 Dungeon Crawl Stone Soup version 0.15-a0-1345-gc375f20 (webtiles) character file.

88 Chiseanne the Skirmisher (level 4, -4/35 HPs)
             Began as a Demonspawn Fighter on June 8, 2014.
             Killed by divine providence
             ... invoked by an orc priest
              (12 damage)
             ... on Level 3 of the Dungeon.
             The game lasted 00:05:03 (1587 turns).

Chiseanne the Skirmisher (Demonspawn Fighter)       Turns: 1587, Time: 00:05:03

HP  -4/35        AC 10     Str 18      XL: 4   Next: 29%
MP   4/4         EV  6     Int  9      God:
Gold 47          SH  9     Dex 12      Spells:  0 memorised,  3 levels left

rFire  . . .     SeeInvis .     a - +0 war axe
rCold  . . .     Clarity  .     l - +0 scale mail
rNeg   . . .     rCorr    .     c - +0 shield
rPois  .         rRot     .     (no helmet)
rElec  .         Spirit   .     (no cloak)
SustAb .         Warding  .     (no gloves)
rMut   .         Stasis   .     (no boots)
Gourm  .                        (no amulet)
MR     .....                    (no ring)
                                (no ring)

@: not resistant to hostile enchantments, extremely unstealthy
A: iridescent scales 1, powered by death 2
a: no special abilities


You were on level 3 of the Dungeon.
You were hungry.

You visited 1 branch of the dungeon, and saw 3 of its levels.

You collected 47 gold pieces.

Inventory:

Hand weapons
 a - a +0,+0 war axe (weapon)
 m - a +0 blowgun
Armour
 c - a +0 shield (worn)
 l - a +0 scale mail (worn)
Comestibles
 d - 4 bread rations
 g - 4 fruits
 i - a meat ration
Scrolls
 f - 2 scrolls of blinking {unknown}
 h - 3 scrolls of identify {unknown}
 j - a scroll of amnesia {unknown}
 k - a scroll of recharging {unknown}
Potions
 b - a potion of heal wounds {unknown}
 e - 2 potions of might


   Skills:
 * Level 3.3 Fighting
 * Level 2.2 Axes
 * Level 3.2 Armour
 * Level 1.3 Dodging
 * Level 3.3 Shields


You had 3 spell levels left.
You didn't know any spells.

Dungeon Overview and Level Annotations

Branches:
Dungeon (3/15)

Altars:
Elyvilon
Nemelex Xobeh

Annotations:
D:2 Sigmund


Innate Abilities, Weirdness & Mutations

You are partially covered in iridescent scales (AC +4).
You can steal the life force of defeated enemies.


Message History

The orc priest calls down the wrath of Beogh upon you.
Something smites you!
You closely miss the bat.
Your shield prevents you from hitting the rat.
The bat closely misses you. The rat closely misses you.
The orc priest calls down the wrath of Beogh upon you.
Something smites you!
* * * LOW HITPOINT WARNING * * *
The rat bites you but does no damage.
Your scale mail prevents you from hitting the rat.
The orc priest becomes somewhat translucent.
You block the bat's attack. The rat bites you.
* * * LOW HITPOINT WARNING * * *
You aren't carrying any items that can be evoked.
Unknown command.
You block the bat's attack. You block the bat's attack.
The orc priest invokes the aid of Beogh against you.
Something smites you!
You die...

#..#... #.......
#........ #$......#
#......%# #.......#.
... ####..........
....###......o.o....
.....#....@rb......#.
..?...#..#.####...#.#
..................#
....................
.....................
.........).........#
.......#......#....
....##.....##.##..# #
.#....#..###.# #.


You could see an orc priest, an orc, a bat and a rat.

Vanquished Creatures
  2 adders (D:2)
  3 worms (D:2)
  2 giant geckos
  6 bats
  3 giant cockroaches
  8 hobgoblins
  8 kobolds
  2 giant newts (D:1)
  5 goblins
  10 rats
49 creatures vanquished.

Notes
Turn   | Place    | Note
--------------------------------------------------------------
     0 | D:1      | Chiseanne, the Demonspawn Fighter, began the quest for the Orb.
     0 | D:1      | Reached XP level 1. HP: 18/18 MP: 1/1
    84 | D:1      | Gained mutation: You can steal the life force of nearby defeated enemies. [demonic ancestry]
    84 | D:1      | Reached XP level 2. HP: 17/24 MP: 2/2
   694 | D:2      | Gained mutation: You can steal the life force of defeated enemies. [demonic ancestry]
   694 | D:2      | Reached XP level 3. HP: 25/29 MP: 3/3
   730 | D:2      | Reached skill level 1 in Dodging
   738 | D:2      | Found a sparkling altar of Nemelex Xobeh.
   904 | D:2      | Found a white marble altar of Elyvilon.
  1121 | D:2      | Gained mutation: You are partially covered in iridescent scales (AC +4). [demonic ancestry]
  1121 | D:2      | Reached XP level 4. HP: 3/35 MP: 4/4
  1403 | D:2      | Noticed Sigmund
  1587 | D:3      | Killed from afar by an orc priest

Action                   |  1- 3 |  4- 6 || total
-------------------------+-------+-------++-------
Melee: War axe           |   167 |    45 ||   212
